 Dungeon Crawl Stone Soup version 0.30.0-12-gd5a94ecb5d (webtiles) character file.

Game seed: 11380774072162334643

47455 Erymatos the Severer (level 14, 0/132 HPs)
             Began as a Minotaur Berserker on May 17, 2023.
             Was a High Priest of Trog.
             Slain by a culicivora (2 damage)
             ... on level 1 of the Spider Nest.
             The game lasted 00:41:17 (17902 turns).

Erymatos the Severer (Minotaur Berserker)          Turns: 17902, Time: 00:41:18

Health: 0/132      AC: 19    Str: 24    XL:     14   Next: 8%
Magic:  13/13      EV:  5    Int:  4    God:    Trog [*****.]
Gold:   1621       SH:  0    Dex: 19    Spells: 13/13 levels left

rFire   . . .        n - +7 broad axe (elec)
rCold   . . .        w - +0 kite shield
rNeg    . . .        e - +0 plate armour
rPois   .            (helmet restricted)
rElec   .            q - +0 cloak
rCorr   .            O - +1 pair of gloves
SInv    .            P - +0 pair of boots
Will    +++..        y - amulet of reflection Stlth
                     f - +4 ring of slaying
HPRegen 1.42/turn    T - +6 ring of dexterity
MPRegen 0.13/turn

%: reflection
@: lethally poisoned (0 -> -77), strong-willed, on berserk cooldown, held,
regenerating
A: horns 2, retaliatory headbutt
a: Renounce Religion, Berserk, Trog's Hand, Brothers in Arms


You were on level 1 of the Spider Nest.
You worshipped Trog.
Trog was extremely pleased with you.
You visited 4 branches of the dungeon, and saw 19 of its levels.
You also visited: Ossuary.

You collected 1754 gold pieces.
You spent 133 gold pieces at shops.

Inventory:

Hand Weapons
 n - a +7 broad axe of electrocution (weapon)
Missiles
 r - 8 throwing nets (quivered)
Armour
 d - a scarf of shadows
 e - a +0 plate armour (worn)
 q - a +0 cloak (worn)
 w - a +0 kite shield (worn)
 N - +0 steam dragon scales
 O - a +1 pair of gloves (worn)
 P - a +0 pair of boots (worn)
Jewellery
 f - a +4 ring of slaying (left hand)
 g - a +4 ring of protection
 p - a ring of protection from fire
 y - an amulet of reflection (around neck)
 z - an amulet of guardian spirit
 T - a +6 ring of dexterity (right hand)
 U - the amulet "Edeisi" {RegenMP rF++}
   (You found it on level 9 of the Dungeon)

   [amulet of magic regeneration]

   It increases your rate of magic regeneration.
   rF:        It greatly protects you from fire.
 X - a ring of ice
Wands
 x - a wand of acid (2)
 G - a wand of roots (14)
 H - a wand of mindburst (15)
 J - a wand of flame (20)
 S - a wand of charming (12)
Scrolls
 a - 4 scrolls of identify
 b - 2 scrolls of fear
 i - 10 scrolls of enchant weapon
 m - 3 scrolls of enchant armour
 o - 6 scrolls of teleportation
 s - 3 scrolls of fog
 t - 3 scrolls of brand weapon
 v - 3 scrolls of torment {unknown}
 B - 2 scrolls of vulnerability {unknown}
 D - 5 scrolls of immolation
 E - 4 scrolls of poison {unknown}
 K - 2 scrolls of silence {unknown}
 M - 3 scrolls of blinking {unknown}
 Q - 2 scrolls of butterflies {unknown}
 R - 3 scrolls of magic mapping {unknown}
Potions
 c - 4 potions of might
 h - 2 potions of attraction
 j - 3 potions of heal wounds
 k - 5 potions of lignification
 l - 2 potions of cancellation
 u - 3 potions of flight {unknown}
 A - 4 potions of invisibility
 F - a potion of berserk rage {unknown}
 I - 2 potions of haste {unknown}
 L - 8 potions of curing
 V - a potion of mutation {unknown}


   Skills:
 + Level 14.1 Fighting
 + Level 19.2 Axes
 + Level 9.1 Armour
 + Level 7.7 Dodging
 + Level 4.5 Stealth
 + Level 12.1 Shields


You had 13 spell levels left.
You didn't know any spells.
Your spell library was empty.

Dungeon Overview and Level Annotations

Branches:
Dungeon (13/15)            Temple (0/1) D:7            Lair (3/5) D:10
 Shoals (0/4) Lair:3       Spider (1/4) Lair:2          Orc (2/2) D:10
    Elf (0/3) Orc:2       Ossuary (visited)
 Vaults: D:13-14

Altars:
Cheibriados
Dithmenos
Elyvilon
Fedhas
Gozag
Kikubaaqudgha
Makhleb
Ru
Trog
Vehumet
Wu Jian
Xom
Yredelemnul
Zin

Shops:
D:2 *   D:4 (   D:8 =   D:10 (   Orc:2 ([:*?

Annotations:
D:13 4 transporters


Innate Abilities, Weirdness & Mutations

You have a pair of horns on your head.
You reflexively headbutt those who attack you in melee.


Message History

You feel extremely sick.
The redback bites you but does no damage. x2
The jumping spider pounces on you but does no damage.
The jumping spider bites you but does no damage.
The redback bites you but does no damage.
The culicivora bites you!
The culicivora draws strength from your injuries!
The redback bites you!
You struggle to detach yourself from the web.
You are no longer berserk.
You are exhausted.
You feel yourself slow down.
You feel extremely sick.
Unknown command.
As you read the scroll of teleportation, it crumbles to dust.
You feel strangely unstable.
You feel extremely sick.
The culicivora bites you but does no damage.
The jumping spider leaps!
The redback bites you but does no damage. x2
The redback barely misses you.
The culicivora bites you but does no damage.
The redback bites you but does no damage. x2
The redback bites you.
You are lethally poisoned!
The redback poisons you! The culicivora barely misses you.
You furiously retaliate!
You headbutt the culicivora.
The redback bites you but does no damage.
The redback bites you. x2
You are more poisoned.
The redback poisons you!
You feel strangely stable.
Your magical effects are unravelling.
You feel magically purged.
You feel yourself speed up.
* * * LOW HITPOINT WARNING * * *
You feel extremely sick.
The jumping spider pounces on you but does no damage.
The jumping spider barely misses you. The culicivora bites you.
You die...

###^ ..#. .....
..... ......
....^w#####
.....sss.^#
#s@.#
...ss.ss.#
.........#
.##.....##
###...# ##.####
. ####.## ...##
###...##
......#......##


You could see a steelbarb worm, a culicivora, 3 jumping spiders, a tarantella
and 3 redbacks.

Vanquished Creatures
  2 ogre magi (Orc:2)
  2 hydras
  A death knight (D:13)
  A centaur warrior (D:13)
  12 two-headed ogres
  3 death yaks (D:10)
  3 boulder beetles
  An iron troll (Orc:2)
  A deep troll (Orc:2)
  Pikel (D:5)
  A deep elf pyromancer (D:13)
  An ugly thing (D:13)
  3 manticores
  6 cyclopes
  A black mamba (Lair:1)
  A gargoyle (D:11)
  A torpor snail (Lair:3)
  Maurice (D:13)
  4 cane toads
  An unseen horror (D:10)
  An efreet (D:9)
  A kobold demonologist (D:11)
  Maggie (D:6)
  4 komodo dragons
  3 hornets
  A polar bear (Lair:3)
  Grinder (D:5)
  13 trolls
  12 blink frogs
  A snapping turtle (Lair:3)
  Sigmund (D:5)
  4 shadows
  A vampire (D:13)
  3 wraiths (D:13)
  A wyvern (D:10)
  29 yaks
  3 redbacks (Lair:2)
  A steam dragon (D:9)
  6 vampire mosquitoes
  Menkaure (D:6)
  An acid dragon (D:12)
  3 water moccasins
  Duvessa (D:7)
  A sky beast (D:7)
  3 black bears
  10 orc warriors
  21 ogres
  2 wolves (D:5)
  13 centaurs
  4 lemures (D:5)
  Blork the orc (D:4)
  4 bullfrogs
  6 gnoll sergeants
  4 kobold brigands
  3 scorpions
  4 wights (D:9)
  Dowan (D:7)
  19 killer bees
  4 howler monkeys
  An electric eel (Lair:3)
  4 crimson imps (D:5)
  A centaur zombie (Ossuary)
  20 hounds
  A jelly (D:6)
  16 orc priests
  6 gnoll boudas
  A human zombie (Ossuary)
  A sleepcap (D:5)
  2 iguanas
  22 orc wizards
  Ijyb (D:5)
  A hell rat (D:10)
  A statue (D:5)
  3 mummies (Ossuary)
  2 river rats (D:10)
  11 adders
  65 gnolls
  An ufetubus (D:6)
  A worm (D:2)
  3 dart slugs
  89 orcs
  4 endoplasms
  4 giant cockroaches
  3 gnoll zombies (Ossuary)
  6 goblins
  12 hobgoblins
  17 jackals
  22 kobolds
  5 quokkas
  7 ball pythons
  4 bats
  A frilled lizard (D:2)
  A hobgoblin zombie (Ossuary)
  A kobold zombie (Ossuary)
  An orc zombie (Ossuary)
  10 rats
591 creatures vanquished.

Notes
Turn   | Place    | Note
-------+----------+-------------------------------------------
     0 | D:1      | Erymatos the Minotaur Berserker began the quest for the
                  | Orb.
     0 | D:1      | Reached XP level 1. HP: 19/19 MP: 0/0
   246 | D:1      | Reached XP level 2. HP: 11/27 MP: 1/1
   339 | D:1      | Reached skill level 4 in Axes
   801 | D:1      | Reached XP level 3. HP: 33/33 MP: 2/2
   816 | D:1      | Found a faded altar of an unknown god.
  1144 | D:2      | Found Hyecogykh's General Store.
  1239 | D:2      | Reached ** piety under Trog
  1299 | D:2      | You fall into a shaft and drop 2 floors!
  1342 | D:4      | Found a blossoming altar of Fedhas.
  1348 | D:4      | Reached XP level 4. HP: 33/41 MP: 3/3
  1430 | D:4      | Noticed Blork the orc
  1438 | D:4      | Noticed a scorpion
  1439 | D:4      | Killed Blork the orc
  1440 | D:4      | Reached skill level 5 in Axes
  1440 | D:4      | Reached XP level 5. HP: 25/47 MP: 4/4
  1680 | D:4      | Found Qiosypn's Weapon Shoppe.
  1688 | D:4      | Reached skill level 6 in Axes
  1692 | D:4      | Reached skill level 5 in Fighting
  1692 | D:4      | Reached XP level 6. HP: 56/56 MP: 5/5
  1788 | D:4      | Found an opulent altar of Gozag.
  2084 | D:3      | Reached skill level 7 in Axes
  2084 | D:3      | Reached XP level 7. HP: 38/61 MP: 6/6
  3113 | D:3      | Reached *** piety under Trog
  3138 | D:3      | Reached skill level 5 in Armour
  3224 | D:3      | Reached skill level 8 in Axes
  3451 | D:3      | Reached skill level 1 in Stealth
  3574 | D:3      | Reached XP level 8. HP: 70/70 MP: 7/7
  3636 | D:3      | Reached skill level 1 in Shields
  4349 | D:2      | Bought a potion of heal wounds for 70 gold pieces
  4349 | D:2      | Bought a +0 pair of gloves for 63 gold pieces
  4415 | D:5      | Entered Level 5 of the Dungeon
  4430 | D:5      | Reached **** piety under Trog
  4500 | D:5      | Reached skill level 9 in Axes
  4692 | D:5      | Noticed Ijyb
  4699 | D:5      | Killed Ijyb
  4700 | D:5      | Noticed Pikel
  4710 | D:5      | Killed Pikel
  4711 | D:5      | Reached skill level 10 in Axes
  4714 | D:5      | Reached XP level 9. HP: 79/79 MP: 8/8
  4992 | D:5      | Reached skill level 11 in Axes
  5077 | D:5      | Found a shimmering altar of Xom.
  5089 | D:5      | Found a radiant altar of Vehumet.
  5155 | D:5      | Found an ancient bone altar of Kikubaaqudgha.
  5175 | D:5      | Noticed Sigmund
  5179 | D:5      | Reached skill level 5 in Shields
  5184 | D:5      | Killed Sigmund
  5321 | D:5      | Reached ***** piety under Trog
  5484 | D:5      | Noticed Grinder
  5486 | D:5      | Paralysed by Grinder for 3 turns
  5491 | D:5      | Paralysed by Grinder for 4 turns
  5497 | D:5      | Killed Grinder
  5550 | D:5      | Reached skill level 5 in Dodging
  5561 | D:5      | Reached skill level 12 in Axes
  5997 | D:6      | Found a sacrificial altar of Ru.
  6015 | D:6      | Noticed Maggie
  6020 | D:6      | Killed Maggie
  6021 | D:6      | Reached XP level 10. HP: 90/90 MP: 9/9
  6103 | D:6      | Found a snail-covered altar of Cheibriados.
  6368 | D:6      | Noticed Menkaure
  6372 | D:6      | Killed Menkaure
  6541 | D:7      | Found a basalt altar of Yredelemnul.
  6548 | D:7      | Noticed Dowan
  6550 | D:7      | Noticed Duvessa
  6562 | D:7      | Killed Duvessa
  6568 | D:7      | Killed Dowan
  6613 | D:7      | Noticed a two-headed ogre
  6617 | D:7      | Killed a two-headed ogre
  6618 | D:7      | Reached skill level 13 in Axes
  6668 | D:7      | Found a shadowy altar of Dithmenos.
  7023 | D:7      | Found a staircase to the Ecumenical Temple.
  7278 | D:7      | Found a burning altar of Makhleb.
  7530 | D:8      | Found a sand-covered staircase.
  7533 | D:8      | Received a gift from Trog
  7538 | Ossuary  | Entered an ossuary
  7730 | D:8      | Found Bain's Jewellery Boutique.
  7837 | D:8      | Found a white marble altar of Elyvilon.
  7861 | D:8      | Reached skill level 14 in Axes
  8095 | D:9      | Noticed a cyclops
  8213 | D:9      | Reached XP level 11. HP: 97/97 MP: 10/10
  8984 | D:9      | Identified the amulet "Edeisi" {RegenMP rF++}
  9316 | D:10     | Entered Level 10 of the Dungeon
  9347 | D:10     | Found a bloodstained altar of Trog.
  9357 | D:10     | Reached skill level 15 in Axes
  9757 | D:11     | Reached skill level 10 in Fighting
 10860 | D:10     | Found Liodd's Weapon Boutique.
 10910 | D:10     | Found a glowing silver altar of Zin.
 11084 | D:10     | Noticed a death yak
 11089 | D:10     | Noticed a death yak
 11092 | D:10     | Noticed a death yak
 11094 | D:10     | Killed a death yak
 11096 | D:10     | Found a staircase to the Lair.
 11102 | D:10     | Killed a death yak
 11104 | D:10     | Killed a death yak
 11105 | D:10     | Reached skill level 16 in Axes
 11105 | D:10     | Reached XP level 12. HP: 108/108 MP: 11/11
 11274 | D:10     | Found a staircase to the Orcish Mines.
 11580 | Lair:1   | Entered Level 1 of the Lair of Beasts
 11761 | D:12     | Noticed a boulder beetle
 11769 | D:12     | Killed a boulder beetle
 11954 | D:12     | Noticed a boulder beetle
 11964 | D:12     | Killed a boulder beetle
 11964 | D:12     | Reached ****** piety under Trog
 12192 | D:12     | Received a gift from Trog
 12310 | D:12     | Noticed a two-headed ogre
 12317 | D:12     | Killed a two-headed ogre
 12653 | D:13     | Noticed a centaur warrior
 12661 | D:13     | Killed a centaur warrior
 12665 | D:13     | Noticed a four-headed hydra
 12676 | D:13     | Killed an 11-headed hydra
 12677 | D:13     | Reached skill level 17 in Axes
 13084 | D:13     | Reached skill level 10 in Shields
 13170 | D:13     | Noticed a death knight
 13170 | D:13     | Noticed a boulder beetle
 13177 | D:13     | Killed a death knight
 13181 | D:13     | Killed a boulder beetle
 13360 | D:13     | Found a transporter.
 13360 | D:13     | Noticed a vault guard
 13360 | D:13     | Noticed a vault guard
 13451 | D:13     | Found an ornate altar of the Wu Jian Council.
 13451 | D:13     | Found a transporter.
 13466 | D:13     | Found a transporter.
 13582 | D:13     | Noticed Maurice
 13595 | D:13     | Killed Maurice
 13794 | D:13     | Found a transporter.
 13795 | D:13     | Found an ornate altar of the Wu Jian Council.
 13795 | D:13     | Noticed a vault warden
 14354 | Orc:1    | Entered Level 1 of the Orcish Mines
 14571 | Orc:2    | Entered Level 2 of the Orcish Mines
 14618 | Orc:2    | Found Saafoukh's Assorted Antiques.
 14641 | Orc:2    | Noticed a two-headed ogre
 14652 | Orc:2    | Killed a two-headed ogre
 14659 | Orc:2    | Found a staircase to the Elven Halls.
 14757 | Orc:2    | Received a gift from Trog
 14770 | Orc:2    | Reached XP level 13. HP: 103/118 MP: 12/12
 14843 | Orc:2    | Found Ejiroxt's Antique Weapon Shop.
 14843 | Orc:2    | Found Zoafacim's Armour Boutique.
 14855 | Orc:2    | Reached skill level 18 in Axes
 15147 | Orc:2    | Found Voclargh's Book Shoppe.
 15156 | Orc:2    | Found Idoil's Magic Scroll Shop.
 15711 | Lair:1   | Reached skill level 19 in Axes
 16418 | Lair:2   | Received a gift from Trog
 16523 | Lair:2   | Found a hole to the Spider Nest.
 17395 | Lair:3   | Reached XP level 14. HP: 130/130 MP: 13/13
 17778 | Lair:3   | Found a staircase to the Shoals.
 17890 | Spider:1 | Entered Level 1 of the Spider Nest
 17902 | Spider:1 | HP: 2/132 [poisoned by a redback]
 17902 | Spider:1 | Slain by a culicivora

Illustrated notes

Levels and vault maps discovered:
D:1:      dpeg_arrival_central, layout_basic,
          hellmonk_ecumenical_altar_pennies_from_heaven, grunt_decor_arrowhead
D:2:      layout_basic, serial_shops, shop
D:3:      lemuel_castle_with_subvaults [lemuel_castle_interior_carwin_3],
          layout_basic
D:4:      layout_rooms, mainiacjoe_overflow_alcove_4, general_overflow_altar,
          nicolae_stop_n_shop_1, uniq_blork_the_orc
D:5:      layout_cave_pools, led_xom_imps, mainiacjoe_overflow_surrounded_room,
          vehumet_statue, serial_gnoll_camp, gnoll_camp_mini_doghouse,
          gnoll_camp_huts_moat, gnoll_camp_mini_doghouse,
          gnoll_camp_mini_doghouse, gnoll_camp_medium_01, gnoll_camp_mini_basic,
          uniq_grinder, uniq_pikel, uniq_sigmund, uniq_ijyb
D:6:      layout_rooms, nicolae_ru_sacrificial_ziggurat, cheibriados_altar_1,
          minmay_misc_feat_five, kennysheep_boxes, uniq_maggie, uniq_menkaure
D:7:      layout_basic, grunt_dithmenos_smoke_and_mirrors,
          lightli_temple_of_fire, mainiacjoe_overflow_chevrons,
          minmay_temple_entry_sparse_star, uniq_duvessa
D:8:      layout_gridville, kennysheep_mini, serial_shops, shop,
          nicolae_ossuary_entry_ruins
D:9:      layout_grid_maze, minmay_mirror_moons_of_madness
D:10:     layout_basic, mainiacjoe_overflow_six_doors_small,
          mainiacjoe_overflow_boulevard, dpeg_lair_monsters, serial_shops, shop
D:11:     layout_roguey, minmay_tree_intersection
D:12:     layout_irregular_city
D:13:     dreamdust_wu_jian_sword_trials, layout_layer_cave, uniq_maurice
Lair:1:   layout_hall_layers
Lair:2:   layout_long_grid, spider_nest_entry_webs
Lair:3:   layout_hall_layers, minmay_shoals_entry_hut,
          infiniplex_staircase_pool_2
Spider:1: layout_spider_delve, uniq_agnes
Orc:1:    layout_caves, basic_altar
Orc:2:    st_orc_open, layout_diamond_mine, serial_shops,
          nicolae_shop_competitors_out_of_business

Skill      XL: |  1  2  3  4  5  6  7  8  9 10 11 12 13 14 |
---------------+-------------------------------------------+-----
Axes           | 4 5 6 7 8 10 12 14 16 17 19 | 19.2
Fighting       | 4 5 6 7 8 9 10 12 13 14 | 14.1
Armour         | 3 4 5 6 7 9 |  9.1
Dodging        | 3 4 5 7 |  7.7
Stealth        | 1 2 3 4 |  4.5
Shields        | 3 6 7 9 10 12 | 12.1

Action                     |  1- 3 |  4- 6 |  7- 9 | 10-12 | 13-15 || total
---------------------------+-------+-------+-------+-------+-------++-------
  Melee: Hand axe          |    76 |    12 |       |       |       ||    88
         Headbutt          |    12 |     6 |    39 |    78 |    44 ||   179
         Punch             |     1 |       |       |       |       ||     1
         Broad axe         |       |    36 |   261 |   406 |   191 ||   894
 Invoke: Berserk           |     1 |     3 |     8 |    13 |     3 ||    28
         Trog's Hand       |       |     1 |     2 |     6 |     5 ||    14
    Use: Scroll            |       |       |       |    14 |     1 ||    15
         Potion            |       |       |       |       |     3 ||     3
   Stab: Sleeping          |     1 |       |       |    13 |       ||    14
 Armour: Animal skin       |     7 |       |       |       |       ||     7
         Ring mail         |    14 |    15 |    70 |       |       ||    99
         Steam dragon scal |       |       |       |    71 |       ||    71
         Plate armour      |       |       |       |    39 |    55 ||    94
  Dodge: Dodged            |    38 |    24 |   104 |   145 |    38 ||   349
  Block: Kite shield       |       |       |   150 |   296 |   133 ||   579
         Reflection        |       |       |    11 |    29 |     2 ||    42
